Map: [ESL] Alcyone

Players

Reynor

  • Race: Protoss Protoss
  • Spawn Location: 1:00

Solar - Winner!

  • Race: Zerg Zerg
  • Spawn Location: 7:00

Event: ESL SC2 Masters 2023 Winter (Finals)

VOD

Have the link to the VOD?

Description

Time

  • Played on: Dec. 15, 2023, 6:50 p.m.
  • Length: 10:13

All games in this series

Show
View Real Time Build Order
Export as new Build Order

Reynor Protoss 

Build Orders: 1 Gate Expand, Oracle Opening, Phoenix Opening 

Get SALT Encoding   

  12  0:00  Probe  
  13  0:12  Probe  
  14  0:20  Pylon  
  14  0:24  Probe  
  15  0:38  Probe (Chrono Boost)  
  16  0:43  Gateway  
  17  0:50  Probe (Chrono Boost)  
  17  0:51  Assimilator  
  17  0:56  Probe (Chrono Boost)  
  18  1:04  Probe  
  19  1:16  Probe  
  20  1:28  Nexus  
  20  1:38  Cybernetics Core  
  20  1:42  Probe  
  20  1:46  Assimilator  
  21  1:54  Probe  
  22  1:56  Pylon  
  22  2:06  Probe  
  23  2:11  Adept (Chrono Boost)  
  25  2:18  Probe  
  25  2:21  Stargate  
  26  2:30  Warp Gate, Probe (Chrono Boost)  
  26  2:35  Adept  
  29  2:41  Probe (Chrono Boost)  
  29  2:42  Probe (Chrono Boost)  
  31  2:49  Probe (Chrono Boost)  
  31  2:50  Probe (Chrono Boost)  
  33  2:54  Probe (Chrono Boost)  
  33  2:56  Probe  
  35  3:06  Probe, Phoenix (Chrono Boost)  
  35  3:09  Probe  
  39  3:16  Gateway  
  39  3:18  Probe  
  40  3:21  Probe  
  40  3:27  Pylon  
  41  3:28  Oracle (Chrono Boost)  
  41  3:30  Probe  
  45  3:43  Nexus  
  45  3:45  Probe  
  45  3:46  Probe  
  47  3:53  Pylon  
  47  3:57  Oracle (Chrono Boost)  
  47  4:02  Probe x2  
  52  4:08  Twilight Council  
  52  4:12  Assimilator  
  52  4:14  Probe  
  52  4:15  Gateway  
  54  4:17  Probe  
  54  4:26  Probe  
  54  4:29  Probe  
  54  4:30  Adept x2  
  57  4:33  Pylon  
  57  4:37  Gateway  
  57  4:38  Probe  
  58  4:41  Blink (Chrono Boost), Assimilator, Probe  
  59  4:50  Probe  
  59  4:53  Probe  
  60  5:00  Stalker x2  
  60  5:02  Probe x2  
  60  5:05  Probe  
  66  5:11  Robotics Facility  
  67  5:14  Probe  
  67  5:16  Probe  
  67  5:17  Shield Battery  
  67  5:19  Stalker  
  67  5:20  Probe  
  71  5:26  Probe, Stalker  
  74  5:28  Probe  
  74  5:32  Probe  
  76  5:38  Probe  
  76  5:39  Forge  
  76  5:40  Probe, Pylon  
  78  5:43  Stalker  
  78  5:46  Stalker  
  78  5:47  Probe  
  82  5:52  Stalker  
  85  5:59  Stalker  
  85  6:04  Shield Battery  
  85  6:06  Observer, Shield Battery  
  85  6:09  Pylon  
  86  6:18  Stalker x3  
  90  6:23  Stalker  
  90  6:25  Photon Cannon  
  90  6:27  Pylon  
  83  6:34  Immortal (Chrono Boost)  
  84  6:41  Stalker x2  
  84  6:42  Stalker  
  84  6:43  Probe x2  
  84  6:44  Probe  
  87  6:52  Stalker  
  80  6:55  Probe x2  
  80  6:56  Probe  
  74  7:07  Probe, Stalker x3  
  74  7:08  Protoss Ground Weapons Level 1 (Chrono Boost)  
  74  7:09  Probe x2  
  67  7:17  Stalker  
  67  7:19  Probe  
  69  7:26  Oracle  
  65  7:32  Stalker x3  
  65  7:36  Probe x2  
  72  7:42  Stalker  
  74  7:48  Probe  
  71  7:53  Probe  
  72  8:00  Robotics Bay  
  72  8:02  Pylon  
  72  8:06  Probe  
  72  8:07  Stalker x2  
  72  8:08  Stalker x2  
  81  8:28  Nexus  
  81  8:29  Pylon  
  81  8:41  Stalker x2  
  81  8:42  Stalker  
  84  8:48  Colossus (Chrono Boost)  
  87  9:01  Probe x2  
  89  9:03  Shield Battery  
  89  9:18  Pylon  
  87  9:25  Stalker x2  
  87  9:26  Stalker  
  83  9:40  Stalker  
  86  9:51  Stalker x2  
  74  9:53  Probe x2  
  74  9:58  Stalker  
Show
View Real Time Build Order
Export as new Build Order

Solar Zerg - Winner!

Build Orders: Hatch First 

Get SALT Encoding   

  12  0:00  Drone  
  13  0:12  Overlord  
  13  0:17  Drone  
  14  0:30  Drone  
  14  0:31  Drone  
  16  0:44  Drone  
  17  0:53  Hatchery  
  17  0:56  Drone  
  17  1:00  Drone  
  18  1:10  Extractor  
  17  1:16  Spawning Pool  
  17  1:18  Drone  
  17  1:22  Drone  
  18  1:29  Drone  
  19  1:39  Drone  
  20  1:50  Drone  
  21  2:00  Overlord  
  21  2:04  Queen  
  21  2:05  Drone, Queen  
  26  2:11  Drone  
  26  2:14  Metabolic Boost  
  27  2:17  Drone  
  27  2:22  Drone  
  29  2:26  Zergling x2  
  30  2:33  Zergling x2  
  30  2:37  Hatchery  
  30  2:42  Queen  
  32  2:45  Overlord  
  32  2:48  Drone  
  32  2:50  Drone  
  34  2:54  Drone  
  35  3:03  Queen  
  37  3:05  Drone x2  
  37  3:12  Drone x3  
  42  3:14  Overlord  
  42  3:18  Queen  
  44  3:23  Overlord  
  44  3:32  Drone x3  
  47  3:39  Queen  
  49  3:43  Overlord  
  49  3:49  Spore Crawler, Queen  
  49  3:50  Drone x3  
  49  3:51  Drone  
  49  3:54  Drone  
  55  3:55  Drone  
  55  3:57  Drone  
  55  4:01  Drone  
  55  4:02  Drone x2  
  60  4:08  Drone x2  
  62  4:12  Zergling x4  
  64  4:19  Drone x2, Spore Crawler  
  64  4:21  Overlord  
  64  4:24  Lair  
  63  4:28  Drone x5  
  66  4:35  Roach Warren  
  66  4:37  Extractor x2  
  66  4:38  Overlord  
  63  4:39  Extractor  
  63  4:43  Drone x2  
  63  4:44  Drone  
  63  4:45  Drone x2  
  66  4:49  Drone x2  
  66  4:52  Zergling x6  
  70  4:53  Zergling x2  
  70  4:54  Zergling x2  
  70  4:57  Pneumatized Carapace  
  70  4:58  Zergling x2  
  72  5:00  Zergling x2  
  72  5:02  Drone  
  73  5:10  Overlord x2  
  73  5:11  Overlord  
  74  5:14  Drone  
  74  5:17  Overlord  
  74  5:21  Overlord  
  74  5:22  Roach x3  
  80  5:28  Roach  
  80  5:29  Roach x3  
  80  5:30  Overlord  
  80  5:32  Roach  
  80  5:35  Roach  
  92  5:36  Roach  
  94  5:44  Zergling x10  
  94  5:48  Zergling x6  
  101  5:52  Zergling x8  
  101  5:56  Zergling x4  
  106  5:58  Ravager x3  
  106  6:01  Zergling x2  
  106  6:04  Zergling x4  
  112  6:07  Ravager  
  109  6:12  Zergling x8  
  109  6:17  Zergling x8  
  112  6:23  Zergling x2  
  107  6:28  Zergling x4  
  107  6:30  Ravager  
  107  6:32  Zergling x2  
  105  6:37  Zergling x2  
  104  6:43  Zergling x12  
  104  6:46  Zergling x4  
  110  6:52  Ravager  
  105  6:56  Ravager  
  105  6:57  Zergling x8  
  105  6:59  Glial Reconstitution  
  105  7:01  Zergling x6  
  104  7:05  Drone  
  104  7:07  Drone  
  104  7:08  Drone x3  
  105  7:09  Evolution Chamber  
  105  7:10  Hatchery  
  105  7:11  Baneling Nest, Queen  
  105  7:12  Drone x4  
  107  7:15  Drone  
  107  7:18  Drone  
  107  7:22  Drone  
  106  7:26  Drone  
  106  7:28  Drone  
  106  7:29  Drone x3  
  107  7:34  Drone  
  107  7:36  Drone  
  107  7:37  Drone x2, Roach  
  108  7:42  Roach x4  
  116  7:48  Roach  
  108  7:53  Extractor  
  108  7:55  Roach x3  
  109  7:59  Overseer  
  109  8:00  Zerg Melee Weapons Level 1  
  109  8:03  Overlord x2, Centrifugal Hooks  
  107  8:08  Roach x7  
  121  8:18  Zergling x2, Overlord x2  
  121  8:22  Zergling x8  
  125  8:28  Zergling x2  
  125  8:29  Zergling x2  
  125  8:30  Ravager x3  
  125  8:32  Zergling x2  
  125  8:33  Roach x2  
  125  8:34  Roach x2  
  138  8:36  Overlord  
  138  8:38  Ravager  
  138  8:41  Ravager  
  138  8:42  Zergling x10, Ravager  
  141  8:50  Roach  
  141  8:52  Roach x2  
  141  8:55  Zergling x14  
  148  9:02  Roach x2  
  151  9:04  Zergling x2  
  151  9:05  Zergling x2  
  151  9:06  Zergling x6  
  151  9:09  Ravager  
  157  9:12  Roach  
  157  9:14  Overlord  
  157  9:16  Overlord  
  159  9:17  Hatchery  
  159  9:18  Overlord  
  159  9:19  Overlord  
  157  9:24  Roach  
  157  9:26  Zergling x2  
  156  9:31  Zergling x8  
  156  9:32  Zergling x4  
  156  9:33  Overlord  
  156  9:34  Zergling x10  
  160  9:40  Zergling x6  
  153  9:46  Infestation Pit  
  153  9:47  Roach x3  
  153  9:50  Drone  
  154  9:55  Drone x3  
  157  10:01  Drone  
  154  10:10  Evolution Chamber  
Tags
 
Add a new tag
Caveats
  • Supply blocks, unpowered buildings, or Contaminate may cause inaccurate times.
  • Supply counts are checked every 10 seconds.